Map: Blackpink LE

Players

Loewanbrau

  • Race: Terran Terran
  • League: Diamond
  • Spawn Location: 1:00

LaFantome - Winner!

  • Race: Zerg Zerg
  • League: Diamond
  • Spawn Location: 7:00

VOD

Have the link to the VOD?

Description

Time

  • Played on: April 14, 2018, 2:35 p.m.
  • Length: 22:13
Show
View Real Time Build Order
Export as new Build Order

Loewanbrau Terran 

Build Orders: Reaper Expand, MMM Bio 

Get SALT Encoding   

  12  0:01  SCV  
  13  0:13  SCV  
  14  0:17  Supply Depot  
  14  0:26  SCV  
  15  0:39  SCV  
  15  0:40  Barracks  
  16  0:46  Refinery  
  16  0:51  SCV  
  17  1:03  SCV  
  18  1:15  SCV  
  19  1:27  Orbital Command  
  19  1:32  Reaper  
  20  1:40  Command Center  
  20  1:52  Barracks  
  20  1:55  SCV  
  21  2:02  Supply Depot  
  21  2:07  SCV  
  21  2:08  Barracks Reactor  
  22  2:17  Refinery  
  22  2:19  SCV  
  23  2:31  SCV  
  24  2:43  Barracks Tech Lab, SCV  
  25  2:46  Marine x2  
  26  2:52  Orbital Command, Factory  
  26  2:55  SCV  
  27  3:01  Marine, Stimpack  
  27  3:03  Marine  
  29  3:06  Marine  
  29  3:08  SCV  
  31  3:18  SCV  
  31  3:19  Marine  
  33  3:20  SCV  
  33  3:21  Marine  
  33  3:24  Marine  
  36  3:30  SCV  
  36  3:32  SCV  
  38  3:36  Starport  
  38  3:41  Marine x2, Factory Reactor  
  38  3:42  SCV  
  38  3:44  SCV  
  38  3:48  Supply Depot  
  42  3:53  Marine  
  42  3:54  SCV  
  44  3:56  SCV  
  44  3:59  Marine  
  46  4:09  Marine  
  49  4:10  Supply Depot x2, SCV x2  
  49  4:13  Marine  
  50  4:22  Marine, SCV x2  
  53  4:29  Marine  
  54  4:31  Medivac x2  
  54  4:34  SCV x2  
  60  4:38  Command Center  
  60  4:41  Marine  
  60  4:42  Marine  
  62  4:46  SCV x2  
  62  4:47  Marine  
  65  4:56  Engineering Bay  
  65  4:57  Engineering Bay, Factory Tech Lab  
  65  4:58  SCV x2  
  67  5:07  Refinery  
  67  5:08  Refinery  
  67  5:09  Marine x3  
  70  5:19  Supply Depot  
  70  5:20  Supply Depot  
  70  5:22  Terran Infantry Weapons Level 1  
  70  5:25  Terran Infantry Armor Level 1  
  70  5:30  Marine x3  
  70  5:31  SCV x2, Siege Tank  
  78  5:43  SCV x2  
  78  5:48  Marine x3  
  83  5:55  SCV x2  
  80  6:00  Medivac x2  
  84  6:06  Marine x3, Barracks  
  84  6:07  Barracks  
  84  6:08  Barracks  
  84  6:09  Combat Shields  
  87  6:13  Orbital Command  
  87  6:15  Factory Reactor, SCV  
  87  6:17  SCV  
  89  6:24  Marine x3  
  92  6:27  SCV  
  92  6:29  SCV  
  94  6:42  Marine x3, Medivac x2  
  94  6:43  SCV x2  
  103  6:59  Marine  
  103  7:00  Marine x2  
  109  7:03  Barracks Reactor  
  109  7:04  Barracks Reactor  
  109  7:06  Barracks Reactor  
  109  7:08  Widow Mine  
  108  7:17  Marine  
  108  7:20  Supply Depot  
  109  7:22  Supply Depot  
  109  7:24  Supply Depot  
  109  7:42  Marine x3, Widow Mine x2  
  109  7:43  Marine, Armory  
  109  7:44  Marine x4, Medivac x2  
  117  7:46  Marine  
  126  8:00  Marine x3  
  126  8:01  Marine  
  126  8:02  Marine x3  
  126  8:03  Marine  
  126  8:04  Widow Mine  
  133  8:05  Marine  
  133  8:08  Widow Mine  
  126  8:17  Marine x2  
  126  8:18  Marauder  
  126  8:19  Marine x3  
  133  8:27  Orbital Command  
  133  8:34  Command Center  
  133  9:11  Marine  
  133  9:12  Marine x2  
  133  9:13  Marine  
  133  9:17  Marine  
  133  9:19  Marine x2  
  133  9:20  Marine  
  133  9:22  Widow Mine x2  
  133  9:29  Marine, Liberator x2  
  133  9:30  SCV, Barracks  
  133  9:31  Barracks x2  
  133  9:33  Marine  
  133  9:34  Marine, SCV  
  133  9:35  Marine  
  133  9:45  Marine  
  133  9:46  Marine x3, Widow Mine x2, Marauder  
  133  9:47  Marine  
  133  9:51  Marine  
  133  9:52  Marine x2  
  132  10:03  Marine x4  
  129  10:07  Marine  
  129  10:08  Widow Mine x2  
  129  10:10  Marine x4  
  132  10:19  Terran Infantry Weapons Level 2, Command Center, Terran Infantry Armor Level 2  
  132  10:21  Marine x2  
  132  10:25  Marauder  
  132  10:26  Barracks Tech Lab x3  
  136  10:29  Ghost Academy  
  136  10:30  Medivac  
  136  10:31  Medivac  
  136  10:34  Marine x6  
  146  10:36  Widow Mine  
  146  10:39  Refinery  
  146  10:41  Refinery  
  148  10:44  Marine x2  
  148  11:04  Planetary Fortress  
  148  11:12  Supply Depot  
  148  11:13  Supply Depot  
  148  11:14  Supply Depot, Personal Cloaking  
  148  11:16  Supply Depot  
  148  11:17  Supply Depot  
  148  11:30  Marine x2  
  148  11:31  Marine x5, SCV x2, Widow Mine x2, Marauder x2  
  148  11:32  Marine  
  163  11:33  Marine, SCV  
  163  11:34  Marine  
  163  11:38  Liberator  
  163  11:39  Liberator  
  147  11:43  SCV  
  147  11:45  SCV  
  149  11:48  Marine x2  
  149  11:49  Marine x4, Marauder  
  149  11:50  Marine  
  149  11:51  Marine, Marauder  
  149  11:53  Widow Mine, Marauder x2  
  167  11:58  Widow Mine  
  175  12:06  Marine x6  
  172  12:09  Marine x2  
  172  12:10  Marauder  
  172  12:13  Marauder  
  172  12:14  Widow Mine, Marauder x2  
  159  12:19  Widow Mine  
  159  12:21  Liberator x2  
  160  12:23  Marine x2  
  160  12:24  Marine  
  160  12:28  SCV x3  
  160  12:29  Refinery  
  164  12:30  Refinery  
  164  12:32  Marauder  
  164  12:34  Marauder  
  164  12:35  Marauder x2  
  172  12:41  Marine x6  
  179  12:53  Marauder  
  179  12:55  Marauder  
  187  13:00  Marine  
  187  13:01  Marine x5  
  187  13:04  Liberator x2, Concussive Shells  
  193  13:07  Terran Infantry Weapons Level 3  
  175  13:23  Marine x3  
  175  13:24  Marine x3  
  175  13:25  Unknown x2, Marauder  
  167  13:29  Marine x2  
  152  13:41  Marine  
  143  13:43  Unknown, Marine x4, Marauder  
  143  13:44  Marine  
  143  13:45  Unknown, SCV, Marauder  
  143  13:47  Marine x2, Liberator x2, Marauder  
  158  13:53  Unknown  
  158  13:54  Marauder  
  153  14:05  Marauder  
  153  14:07  Marauder  
  153  14:08  Marauder  
  167  14:23  Starport  
  167  14:43  Unknown  
  163  14:47  Medivac x2  
  124  15:09  Marine  
  124  15:10  Marine x5, Marauder x2  
  124  15:11  Marine x2, Marauder x2  
  123  15:27  Marine x2  
  123  15:28  Marine  
  123  15:31  Marauder  
  123  15:32  Marauder x3  
  131  15:38  SCV  
  132  15:46  Orbital Command  
  132  15:48  Marine  
  132  15:49  Marine x3  
  116  15:53  Marauder x4  
  124  16:13  Marine x3  
  124  16:14  Marauder  
  129  16:25  Marine x4  
  131  16:26  Marauder  
  135  16:44  Widow Mine x2  
  135  16:45  Medivac x2  
  135  16:46  Marine x4  
  135  16:47  Marine x2  
  149  17:03  Marine  
  149  17:06  Widow Mine  
  152  17:10  Command Center  
  152  17:20  Marine x4  
  152  17:21  Marauder  
  158  17:36  Refinery  
  158  17:59  Marauder  
  122  18:13  Marine x2  
  122  18:14  Marine x5, Marauder  
  122  18:15  Marauder x2  
  117  18:21  Marauder  
  117  18:25  Hi-Sec Auto Tracking  
  117  18:26  Marine  
  120  18:31  Marine x2  
  105  18:35  Marine x3  
  105  18:36  Marine x4, Marauder  
  71  18:42  Marine  
Show
View Real Time Build Order
Export as new Build Order

LaFantome Zerg - Winner!

Build Orders: Hatch First 

Get SALT Encoding   

  12  0:00  Drone  
  13  0:12  Overlord  
  13  0:17  Drone  
  14  0:31  Drone x2  
  16  0:36  Drone  
  17  0:53  Hatchery  
  17  0:54  Drone  
  17  0:57  Drone  
  18  1:08  Extractor  
  17  1:13  Spawning Pool  
  17  1:15  Drone  
  17  1:18  Drone  
  18  1:28  Drone  
  19  1:38  Overlord  
  19  1:49  Drone  
  20  2:00  Zergling x2  
  21  2:04  Queen  
  21  2:05  Queen, Zergling x2  
  26  2:09  Metabolic Boost  
  26  2:11  Drone  
  27  2:16  Drone  
  28  2:23  Drone  
  28  2:27  Drone  
  30  2:32  Drone  
  31  2:37  Overlord  
  30  2:54  Drone x3  
  30  2:56  Queen  
  30  2:57  Hatchery  
  34  3:04  Drone  
  35  3:15  Drone x5  
  35  3:17  Overlord  
  38  3:43  Drone x2  
  38  3:44  Drone x3  
  43  3:53  Extractor  
  43  3:54  Roach Warren  
  41  3:55  Extractor  
  41  3:59  Evolution Chamber, Drone x6  
  41  4:00  Evolution Chamber  
  44  4:19  Drone  
  44  4:20  Drone x2  
  48  4:24  Drone x4  
  48  4:25  Drone x3  
  48  4:27  Zerg Missile Weapons Level 1  
  54  4:34  Overlord  
  54  4:35  Overlord x2  
  54  4:43  Queen  
  54  4:44  Queen  
  58  4:52  Queen  
  58  4:54  Zergling x2  
  58  4:55  Zergling x10  
  58  4:56  Zergling x2  
  58  4:57  Zergling x10  
  58  4:58  Zergling x2  
  73  5:08  Zerg Ground Armor Level 1  
  73  5:20  Lair  
  73  5:27  Overlord x2  
  73  5:28  Zergling x4  
  73  5:29  Zergling x6  
  73  5:35  Drone x4  
  77  5:57  Drone x5  
  77  5:58  Drone x4  
  86  6:14  Hatchery  
  86  6:17  Drone x3  
  88  6:18  Extractor  
  88  6:24  Hydralisk Den  
  88  6:25  Baneling Nest  
  85  6:44  Drone x2  
  85  6:45  Drone  
  85  6:46  Drone  
  92  6:47  Drone x9  
  92  6:49  Extractor  
  92  6:50  Extractor  
  96  6:57  Grooved Spines  
  94  7:03  Infestation Pit  
  93  7:11  Hydralisk  
  93  7:12  Hydralisk  
  93  7:14  Overlord x2  
  93  7:15  Overlord x4  
  97  7:18  Centrifical Hooks  
  97  7:21  Zerg Ground Armor Level 2, Zerg Missile Weapons Level 2  
  97  7:22  Glial Reconstitution  
  97  7:35  Hydralisk x8  
  112  7:43  Zergling x12  
  116  7:49  Zergling x2  
  116  7:50  Zergling x20  
  116  8:08  Muscular Augments  
  102  8:13  Hydralisk  
  102  8:14  Hydralisk x10  
  102  8:17  Hive  
  124  8:21  Extractor  
  124  8:22  Extractor  
  122  8:28  Zergling x2  
  122  8:29  Zergling x16  
  131  8:38  Drone x3  
  131  8:39  Drone x3  
  131  8:40  Roach x3  
  143  8:42  Overlord  
  142  9:08  Roach  
  142  9:09  Roach x3  
  117  9:25  Roach x5  
  117  9:26  Roach x8  
  135  9:35  Hydralisk  
  135  9:36  Hydralisk x2  
  135  9:38  Zergling x12  
  124  9:43  Hydralisk x6  
  113  10:04  Ultralisk Cavern  
  104  10:16  Drone x3  
  104  10:17  Drone x3  
  104  10:18  Drone x8  
  118  10:23  Drone  
  119  10:48  Hatchery  
  118  10:55  Zergling x18  
  127  10:57  Overlord x3  
  127  10:58  Overlord  
  127  11:02  Baneling  
  127  11:03  Baneling x4  
  127  11:15  Baneling x3  
  127  11:16  Spore Crawler  
  127  11:18  Chitinous Plating  
  126  11:19  Ultralisk x3  
  126  11:20  Ultralisk x2  
  126  11:24  Baneling  
  126  11:25  Baneling x14  
  142  11:41  Hydralisk  
  142  11:42  Hydralisk x3  
  142  11:44  Overlord x5  
  150  11:59  Hydralisk x3  
  133  12:21  Hydralisk x17  
  165  12:28  Zergling x2  
  165  12:29  Zergling x4  
  164  12:49  Hydralisk x4  
  164  12:50  Hydralisk x5  
  180  13:01  Zerg Ground Armor Level 3  
  120  13:35  Zergling x2  
  120  13:36  Ultralisk  
  120  13:37  Ultralisk x6  
  162  13:43  Drone  
  162  13:44  Drone x5  
  162  13:48  Roach  
  166  14:03  Baneling x2  
  166  14:07  Extractor  
  166  14:08  Drone x3, Extractor  
  166  14:09  Drone x3  
  170  14:10  Zergling x16  
  170  14:11  Zergling x2  
  143  15:04  Hydralisk x11  
  143  15:05  Hydralisk x5  
  121  15:28  Zergling x16  
  114  15:40  Hydralisk x4  
  122  15:47  Zergling x2  
  121  16:01  Baneling  
  121  16:02  Baneling x14  
  121  16:06  Lair  
  121  16:10  Zerg Melee Weapons Level 1, Hatchery  
  120  16:11  Zergling x2, Extractor x2  
  120  16:12  Zergling x20  
  129  16:27  Pathogen Glands  
  129  16:29  Zergling x2  
  129  16:30  Zergling x8  
  134  16:43  Hydralisk x3  
  134  16:44  Hydralisk  
  142  16:49  Hydralisk  
  142  16:50  Hydralisk x3  
  150  17:01  Hydralisk x4  
  158  17:13  Overseer x3  
  158  17:16  Baneling  
  158  17:17  Baneling x15  
  158  17:18  Baneling x5, Hydralisk x7  
  172  17:29  Infestor x5  
  180  17:33  Overlord x2  
  182  17:51  Queen x5  
  141  18:28  Zergling x6  
  141  18:29  Zergling x24  
  130  18:49  Hydralisk  
  130  18:50  Hydralisk x4  
  130  19:01  Spawning Pool  
  130  19:18  Hydralisk  
  130  19:19  Hydralisk x14  
  130  19:22  Extractor  
  130  19:23  Baneling, Hatchery  
  130  19:24  Baneling x15  
  130  19:25  Baneling x14, Extractor  
  130  19:42  Drone x4  
  130  19:49  Hive  
  130  19:59  Overlord x5  
  130  20:32  Infestor x13  
  130  20:39  Drone  
Tags
 
Add a new tag
Caveats
  • Supply blocks, unpowered buildings, or Contaminate may cause inaccurate times.
  • Supply counts are checked every 10 seconds.